AoeStats
← 15A3L

Arabia

507763855Analyzed
3v3 RM · 12d ago on Sep 19, 2026· 17m 57s· 6 players
Game mode
Random Map
Map size
Normal (6 player)
Population
200
Speed
Normal
Resources
Standard
Victory
Conquest
Starting age
Dark Age
Ending age
Imperial Age
RankedLock teamsTeams togetherTeam positionsShared explorationLock speedFull tech treeHidden civsTurbo modeCheats
Victory
Defeat
🇵🇪 Burmese · Peru
1175
+13
🇸🇪 Ethiopians · Sweden
1108
+15
🇻🇪 Persians · Venezuela
1004
+19
🇹🇼 Spanish · Taiwan
1101
-16
🇹🇼 Byzantines · Taiwan
1093
-16
🇹🇼 Vietnamese · Taiwan
1081
-15
s
4:16 Loom
10:43 Feudal Age
11:26 Double-Bit Axe
11:40 Gold Mining
15:43 Fletching
15:53 Padded Archer Armor
16:26 Horse Collar
17:10 Padded Archer Armor
luisfriasgomez
10:24 Feudal Age
10:56 Double-Bit Axe
14:25 Bloodlines
16:43 Scale Barding Armor
15A3L
8:17 Loom
10:23 Feudal Age
15:01 Forging
16:14 Scale Barding Armor
18:09 Horse Collar
18:26 Gold Mining
sakuranekohon
8:20 Loom
11:14 Feudal Age
15:22 Bloodlines
dice
11:19 Feudal Age
12:14 Double-Bit Axe
12:13 Horse Collar
14:29 Loom
bm489
7:00 Loom
11:45 Feudal Age
12:14 Double-Bit Axe
Connection lost

Rejoining the realm…

Still unreachable

The connection could not be restored.

Session expired

The server has moved on; the page needs a fresh start.